 Dungeon Crawl Stone Soup version 0.17.1-3-g152610e (webtiles) character file.

283 Jerry the Skirmisher (level 6, -1/56 HPs)
             Began as a Minotaur Fighter on Apr 2, 2016.
             Slain by an iguana (11 damage)
             ... on level 4 of the Dungeon.
             The game lasted 00:08:52 (3057 turns).

Jerry the Skirmisher (Minotaur Fighter)             Turns: 3057, Time: 00:08:52

Health: -1/56      AC:  8    Str: 20    XL:     6   Next: 7%
Magic:  5/5        EV:  9    Int:  5    God:
Gold:   140        SH: 10    Dex: 12    Spells: 0 memorised, 5 levels left

rFire  . . .     SeeInvis .     a - +0 flail
rCold  . . .     Clarity  .     s - +0 ring mail
rNeg   . . .     SustAt   .     c - +0 shield
rPois  .         Gourm    .     (helmet restricted)
rElec  .         Spirit   .     v - +0 cloak
rCorr  .         Warding  .     f - +0 pair of gloves
rMut   .         Stasis   .     (no boots)
MR     .....                    m - amulet of faith
Stlth  +.........               (no ring)
                                (no ring)

@: not resistant to hostile enchantments, very unstealthy
A: retaliatory headbutt, horns 2
a: no special abilities


You were on level 4 of the Dungeon.
You were not hungry.

You visited 1 branch of the dungeon, and saw 4 of its levels.

You collected 140 gold pieces.

Inventory:

Hand Weapons
 a - a +0 flail (weapon)
Missiles
 u - 14 tomahawks (quivered)
Armour
 c - a +0 shield (worn)
 f - a +0 pair of gloves (worn)
 s - a +0 ring mail (worn)
 v - a +0 cloak (worn)
Jewellery
 m - an amulet of faith (around neck)
Wands
 t - a wand of digging (15)
Scrolls
 i - 3 scrolls of identify {unknown}
 j - 2 scrolls of amnesia {unknown}
 o - 2 scrolls of recharging {unknown}
 r - a scroll of teleportation {unknown}
 y - a scroll of enchant armour {unknown}
Potions
 b - a potion of degeneration {unknown}
 d - a potion of might
 g - 2 potions of mutation {unknown}
 k - a potion of magic {unknown}
 n - a potion of agility {unknown}
 w - a potion of flight {unknown}
 A - a potion of curing
Books
 l - a book of Necromancy

   Spells                             Type                      Level
   a - Pain                           Necromancy                   1
   b - Animate Skeleton               Necromancy                   1
   c - Vampiric Draining              Necromancy                   3
   d - Regeneration                   Charms/Necromancy            3
   e - Animate Dead                   Necromancy                   4
   f - Control Undead                 Necromancy                   4
Comestibles
 e - 4 bread rations
 h - a beef jerky
 p - 2 meat rations
 q - a royal jelly
 x - 2 chunks of flesh
 z - 4 fruits


   Skills:
 + Level 5.1 Fighting
 + Level 4.0 Maces & Flails
 + Level 4.7 Armour
 + Level 2.5 Dodging
 + Level 4.8 Shields


You had 5 spell levels left.
You didn't know any spells.

Dungeon Overview and Level Annotations

Branches:
Dungeon (4/15)
 Temple: D:4-7

Altars:


Innate Abilities, Weirdness & Mutations

You reflexively headbutt those who attack you in melee.
You have a pair of horns on your head.


Message History

Your experience leads to an increase in your attributes!
Increase (S)trength, (I)ntelligence, or (D)exterity?
You feel agile. The iguana completely misses you.
You closely miss the iguana. Your headbutt misses the iguana.
You block the iguana's attack.
You hit the iguana but do no damage. The iguana bites you.
You hit the iguana but do no damage. The iguana bites you!
You closely miss the iguana.
You headbutt the iguana, but do no damage.
You block the iguana's attack. The iguana barely misses you.
You hit the iguana but do no damage.
The iguana bites you but does no damage.
You hit the iguana but do no damage. The iguana barely misses you.
You sock the iguana! You headbutt the iguana.
The iguana is almost dead.
The iguana bites you!
* * * LOW HITPOINT WARNING * * *
The iguana bites you!
You die...

......###..##.)#### #...#
.......##..#..## #...#
.............## ##...#
......#...#..# #....#
......#.#.##.# ####....#
#.#####.#.##.####.......#
#. ..#.##......##....# ..
..............#......#
...###..####@.......#.#
..# .....$†l#......#.# ..
..............## #
.......##.#..... .....#.
....... ....... #####..
%... .. #####..


You could see an iguana.

Vanquished Creatures
  A hound (D:4)
  An orc priest (D:3)
  Ijyb (D:2)
  Natasha (twice) (D:2)
  6 adders
  3 gnolls (D:2)
  2 worms (D:2)
  2 giant geckos
  5 orcs
  A ball python (D:1)
  6 bats
  3 giant cockroaches
  5 goblins
  A hobgoblin (D:2)
  10 jackals
  4 giant newts (D:2)
  8 kobolds
  A quokka skeleton (D:4)
  6 rats
68 creatures vanquished.

Notes
Turn   | Place    | Note
--------------------------------------------------------------
     0 | D:1      | Jerry the Minotaur Fighter began the quest for the Orb.
     0 | D:1      | Reached XP level 1. HP: 19/19 MP: 0/0
   172 | D:1      | Reached XP level 2. HP: 24/27 MP: 1/1
   445 | D:1      | Reached skill level 4 in Armour
   668 | D:2      | Reached XP level 3. HP: 30/33 MP: 2/2
   972 | D:2      | Noticed Natasha
   981 | D:2      | Killed Natasha
   981 | D:2      | Reached skill level 1 in Dodging
  1218 | D:2      | Reached XP level 4. HP: 35/40 MP: 3/3
  1284 | D:2      | Noticed Natasha
  1294 | D:2      | Killed Natasha
  1722 | D:2      | Noticed Ijyb
  1734 | D:2      | Killed Ijyb
  1734 | D:2      | Reached XP level 5. HP: 42/47 MP: 4/4
  2517 | D:3      | Reached skill level 5 in Fighting
  3050 | D:4      | Reached XP level 6. HP: 33/56 MP: 5/5
  3057 | D:4      | Slain by an iguana

Action                   |  1- 3 |  4- 6 || total
-------------------------+-------+-------++-------
Melee: Flail             |   100 |   109 ||   209
  Eat: Chunk             |     1 |     6 ||     7
